 Dungeon Crawl Stone Soup version 0.16.1-11-g651b585 (webtiles) character file.

128 Trafet the Chiller (level 4, 33/33 HPs)
             Began as a Demigod Ice Elementalist on Apr 5, 2015.
             Got out of the dungeon alive.
             The game lasted 00:10:34 (2886 turns).

Trafet the Chiller (Demigod Ice Elementalist)       Turns: 2886, Time: 00:10:34

Health: 33/33      AC:  2    Str: 14    XL:     4   Next: 58%
Magic:  12/12      EV: 12    Int: 21    God:
Gold:   136        SH:  0    Dex: 16    Spells: 2 memorised, 5 levels left

rFire  . . .     SeeInvis .     s - +0 spear
rCold  . . .     Clarity  .     a - +0 robe
rNeg   . . .     SustAb   +     (no shield)
rPois  .         Gourm    .     (no helmet)
rElec  .         Spirit   .     (no cloak)
rCorr  .         Warding  .     (no gloves)
rMut   .         Stasis   .     (no boots)
MR     .....                    (no amulet)
Stlth  ++........               (no ring)
                                o - +3 ring of strength

@: not resistant to hostile enchantments, unstealthy
A: sustain abilities
a: no special abilities


You escaped.
You were hungry.

You visited 1 branch of the dungeon, and saw 4 of its levels.

You collected 136 gold pieces.

Inventory:

Hand weapons
 e - a +0 dagger
 h - a +0 club
 n - a +0 glaive
 s - a +0 spear (weapon)
Missiles
 w - 13 arrows
Armour
 a - a +0 robe (worn)
 f - a +0 ring mail
 q - a +0 buckler
 r - a +0 ring mail of cold resistance
Jewellery
 g - an uncursed amulet of resist mutation {unknown}
 o - a +3 ring of strength (left hand)
Magical devices
 l - a wand of polymorph (14)
Scrolls
 m - a scroll of identify
 u - a scroll of enchant armour {unknown}
 y - a scroll of blinking {unknown}
Potions
 i - 3 potions of might
 j - a potion of agility
 k - a potion of brilliance {unknown}
 p - a potion of mutation {unknown}
 t - a potion of heal wounds {unknown}
 v - 2 potions of curing {unknown}
 x - a potion of poison {unknown}
Books
 b - a book of Frost

   Spells                             Type                      Level
   a - Freeze                         Ice                          1
   b - Throw Frost                    Conjuration/Ice              2
   c - Ozocubu's Armour               Charms/Ice                   3
   d - Throw Icicle                   Conjuration/Ice              4
   e - Summon Ice Beast               Ice/Summoning                4
   f - Condensation Shield            Ice                          4
Comestibles
 c - 3 bread rations
 d - a slice of pizza
 z - a chunk of flesh


   Skills:
 - Level 1.8 Dodging
 - Level 1.7 Stealth
 + Level 3.1 Spellcasting
   Level 0.8 Conjurations
 + Level 4.1 Ice Magic


You had 5 spell levels left.
You knew the following spells:

 Your Spells              Type           Power        Failure   Level  Hunger
a - Freeze                Ice            ###.         2%          1    None
b - Ozocubu's Armour      Chrm/Ice       ##......     21%         3    ###....


Dungeon Overview and Level Annotations

Branches:
Dungeon (4/15)
 Temple: D:4-7


Innate Abilities, Weirdness & Mutations

Your attributes are resistant to harm.


Message History

Things that are here:
a club; an orc corpse Your magical contamination has completely faded away.
You hear the slow hiss of a distant avalanche of sand.
There is a stone staircase leading up here.
You climb upwards.
There is a stone staircase leading down here.
There is a stone staircase leading up here.
You climb upwards.
There is a stone staircase leading down here.
HP restored.
There is a stone staircase leading up here.
You climb upwards.
There is a stone staircase leading down here.
There is an open door here.
You see here a leather armour.
You are feeling hungry.
There is a staircase leading out of the dungeon here.
Are you sure you want to leave the Dungeon?
This will make you lose the game!
You have escaped!

#.#...##...##...##...# #...
#.#รท.####..##..####..# ###.
#.#..####..##..####..# #.
#.#...##...##.).##...# #.
#.#..................# ##
######.##........).......## #
.##.....######..##..###### #
........######..##..###### ##
##.....##.......@........#### ##.
##.....#..................#.###..
.......#...##...##...##...#.....#
#......#..####..##..####).#..####
..####.#..####..##..####..#...>##
### #.#...##...##...##...#>##...
######.#........##........#.#####
.......#+......####......'#..##
######..########..########....#


There were no monsters in sight!

Vanquished Creatures
  A hound (D:4)
  3 adders
  A worm (D:2)
  An adder skeleton (D:4)
  2 giant geckos (D:2)
  3 orcs (D:4)
  3 ball pythons
  A bat skeleton (D:4)
  3 hobgoblins
  9 jackals
  9 bats
  4 giant cockroaches
  2 giant newts (D:1)
  6 goblins
  6 kobolds
  10 rats
  A spectral orc (D:3)
65 creatures vanquished.

Notes
Turn   | Place    | Note
--------------------------------------------------------------
     0 | D:1      | Trafet, the Demigod Ice Elementalist, began the quest for the Orb.
     0 | D:1      | Reached XP level 1. HP: 14/14 MP: 3/3
   258 | D:1      | Reached skill level 3 in Ice Magic
   451 | D:1      | Reached XP level 2. HP: 18/20 MP: 1/5
  1191 | D:2      | Reached XP level 3. HP: 24/26 MP: 1/8
  2157 | D:3      | Learned a level 3 spell: Ozocubu's Armour
  2411 | D:3      | Reached XP level 4. HP: 33/33 MP: 9/11
  2492 | D:3      | Found a basalt altar of Yredelemnul.
  2754 | D:4      | Reached skill level 4 in Ice Magic
  2886 | D:$      | Got out of the dungeon alive.

Action                   |  1- 3 |  4- 6 || total
-------------------------+-------+-------++-------
Melee: Dagger            |    33 |       ||    33
       Unarmed           |     1 |       ||     1
       Glaive            |     7 |       ||     7
       Spear             |     1 |     4 ||     5
 Cast: Freeze            |    84 |    38 ||   122
       Ozocubu's Armour  |     1 |       ||     1
  Use: Scroll            |     3 |       ||     3
  Eat: Chunk             |     5 |     1 ||     6
